 Dungeon Crawl Stone Soup version 0.22-b1-59-g0aedee7 (webtiles) character file.

226 Zedayar the Ruffian (level 5, 0/54 HPs)
             Began as a Troll Berserker on Aug 9, 2018.
             Was a Believer of Trog.
             Slain by an orc wizard
             ... wielding a +0 dagger
              (6 damage)
             ... on level 3 of the Dungeon.
             The game lasted 00:04:54 (1689 turns).

Zedayar the Ruffian (Troll Berserker)               Turns: 1689, Time: 00:04:55

Health: 0/54       AC:  5    Str: 26    XL:     5   Next: 69%
Magic:  4/4        EV: 10    Int:  3    God:    Trog [**....]
Gold:   96         SH:  0    Dex:  9    Spells: 4/4 levels left

rFire    . . .     SeeInvis .     - Unarmed
rCold    . . .     Gourm    +   (no shield)
rNeg     . . .     Faith    .   a - +0 animal skin
rPois    .         Spirit   .   (helmet restricted)
rElec    .         Reflect  .   (no cloak)
rCorr    .         Harm     .   (gloves unavailable)
MR       .....                  (boots unavailable)
Stlth    +.........             (no amulet)
HPRegen  0.58/turn              (no ring)
MPRegen  0.09/turn              (no ring)

@: berserk cooldown, slowed, very slow
A: large, unfitting armour, claws 3, fast metabolism 3, gourmand, regeneration
1, shaggy fur 1, tough skin 2
a: Berserk, Trog's Hand, Renounce Religion


You were on level 3 of the Dungeon.
You worshipped Trog.
Trog was pleased with you.
You were not hungry.

You visited 1 branch of the dungeon, and saw 3 of its levels.

You collected 96 gold pieces.

Inventory:

Armour
 a - a +0 animal skin (worn)
Scrolls
 d - a scroll of random uselessness {unknown}
 g - 4 scrolls of identify {unknown}
 j - 3 scrolls of teleportation {unknown}
 k - 3 scrolls of remove curse {unknown}
 l - a scroll of enchant armour {unknown}
 n - a scroll of blinking {unknown}
Potions
 c - a potion of flight {unknown}
 e - a potion of degeneration {unknown}
 f - 3 potions of curing {unknown}
 h - a potion of cancellation {unknown}
 i - a potion of might {unknown}
 m - a potion of haste {unknown}
Comestibles
 b - 5 rations


   Skills:
 * Level 4.0 Fighting
 - Level 2.4 Dodging
 + Level 5.2 Unarmed Combat


You had 4 spell levels left.
You didn't know any spells.
Your spell library was empty.

Dungeon Overview and Level Annotations

Branches:
Dungeon (3/15)

Altars:


Innate Abilities, Weirdness & Mutations

You are too large for most types of armour.
You have claws for hands.
Your metabolism is lightning-fast.
You like to eat raw meat.
Your natural rate of healing is unusually fast.
You are covered in fur. (AC +1)
You have very tough skin. (AC +2)


Message History

You hear some strange, mumbled words.
Something tries to affect you, but you resist.
Something hits you but does no damage.
You see here 10 gold pieces.
Something hits you but does no damage.
You see here 8 gold pieces.
Something hits you.
* * * LOW HITPOINT WARNING * * *
Something hits you but does no damage. Something hits you.
* * * LOW HITPOINT WARNING * * *
You see here a ration.
Something hits you but does no damage.
You hear some strange, mumbled words.
Something tries to affect you, but you resist.
Something hits you.
* * * LOW HITPOINT WARNING * * *
You see here 8 gold pieces.
Something hits you.
You die...

#####....###.#.# #####
#.....................
#####.########.#...#
#...# #...)..#.
##.#### #.##.####
#.....####....)..#
#####..#.))...>..#
##.....$.....#
##..%.$@.####
##.##...# #.......#
#..####.... ....# ####
.....# .....# .....#


There were no monsters in sight!

Vanquished Creatures
  An orc priest (D:2)
  2 orc wizards
  4 gnolls (D:2)
  2 adders (D:2)
  An ooze (D:3)
  3 worms
  A dart slug (D:1)
  2 leopard geckos (D:1)
  6 orcs
  3 bats
  3 giant cockroaches
  6 goblins
  4 hobgoblins
  4 jackals (D:3)
  A ball python (D:3)
  8 frilled lizards
  8 kobolds
  6 rats
65 creatures vanquished.

Notes
Turn   | Place    | Note
-------+----------+-------------------------------------------
     0 | D:1      | Zedayar the Troll Berserker began the quest for the Orb.
     0 | D:1      | Reached XP level 1. HP: 22/22 MP: 0/0
   236 | D:1      | Reached XP level 2. HP: 29/29 MP: 1/1
   730 | D:2      | Reached XP level 3. HP: 29/37 MP: 2/2
   742 | D:2      | Reached ** piety under Trog
   747 | D:2      | Reached XP level 4. HP: 15/45 MP: 3/3
   794 | D:2      | Reached skill level 4 in Unarmed Combat
  1040 | D:2      | Reached XP level 5. HP: 14/54 MP: 4/4
  1641 | D:3      | Reached skill level 5 in Unarmed Combat
  1689 | D:3      | Slain by an orc wizard

Skill      XL: |  1  2  3  4  5 |
---------------+----------------+-----
Fighting       | 3 4 |  4.0
Unarmed Combat | 4 5 |  5.2
Dodging        | |  2.4

Action                   |  1- 3 |  4- 6 || total
-------------------------+-------+-------++-------
Melee: Unarmed           |    68 |   112 ||   180
       Punch             |     2 |     2 ||     4
Invok: Berserk           |       |     1 ||     1
  Eat: Chunk             |     3 |     9 ||    12
       Ration            |       |     1 ||     1
Armor: Animal skin       |    37 |    40 ||    77
Dodge: Dodged            |    62 |    62 ||   124
